[Event "Titled Tuesday Blitz January 03 Early 2023"]
[White "Sarana, Alexey"]
[Black "Kilic, Eray"]
[WhiteFideId "24133795"]
[BlackFideId "44517173"]
[WhiteElo "2685"]
[BlackElo "2414"]
[Result "1-0"]
[Round "03"]
[TimeControl "180+2"]
[Date "2023.01.03"]
[WhiteClock "0:00:08"]
[BlackClock "0:00:09"]

1. c4 e5 2. Nc3 Nc6 3. Nf3 g6 4. g3 Bg7 5. Bg2 Nge7 6. O-O O-O 7. Rb1 d6 8. b4 Nd4 9. Ne1 c6 10. e3 Ne6 11. Nc2 d5 12. b5 dxc4 13. Qe2 cxb5 14. Nxb5 a6 15. Nc3 Qd3 16. Qxd3 cxd3 17. Nb4 Rd8 18. Ba3 Bf8 19. Bb2 Nc7 20. Na4 f6 21. Nb6 Rb8 22. Rfc1 Nb5 23. a4 Na7 24. Rc7 Nac6 25. Nxc6 bxc6 26. a5 Be6 27. Ba3 Nd5 28. Bxd5 Bxd5 29. Bxf8 Rxf8 30. f4 exf4 31. gxf4 Rf7 32. Rxf7 Kxf7 33. Rb4 Be6 34. Rd4 Bf5 35. e4 c5 36. Rc4 Bg4 37. Kf2 Re8 38. Kg3 Bd7 39. Nxd7 Rd8 40. Nxc5 Ke7 41. Rc3 Rd4 42. Kf3 Rb4 43. Ke3 Rb5 44. Nb3 f5 45. e5 Rb4 46. Rxd3 Re4+ 47. Kf3 Rb4 48. Nc5 Rb5 49. Rd7+ Ke8 50. Rc7 Rxa5 51. d4 Ra3+ 52. Ke2 a5 53. d5 Ra2+ 54. Kd3 1-0


[Site "https://www.chess.com"]

[Event "Titled Tuesday Blitz January 03 Early 2023"]
[White "Shipov, Sergei"]
[Black "Paravyan, David"]
[WhiteFideId "4113624"]
[BlackFideId "4194985"]
[WhiteElo "2541"]
[BlackElo "2601"]
[Result "0-1"]
[Round "03"]
[TimeControl "180+2"]
[Date "2023.01.03"]
[WhiteClock "0:00:01"]
[BlackClock "0:00:07"]

1. d4 Nf6 2. c4 g6 3. Nc3 d5 4. Nf3 Bg7 5. cxd5 Nxd5 6. Na4 O-O 7. e4 Nb6 8. Be2 Nxa4 9. Qxa4 b6 10. O-O Bb7 11. Qc2 Nd7 12. Rd1 Qc8 13. Bg5 e6 14. Rac1 c5 15. b4 h6 16. dxc5 hxg5 17. c6 Bxc6 18. Qxc6 Qxc6 19. Rxc6 Ne5 20. Nxe5 Bxe5 21. a4 Rfd8 22. Rxd8+ Rxd8 23. g3 Rd2 24. Kf1 Ra2 25. a5 bxa5 26. bxa5 Ra1+ 27. Kg2 Ra4 28. f3 Ra2 29. Kf1 Ra1+ 30. Kg2 Bd4 31. a6 Rg1+ 32. Kh3 Re1 33. Bc4 Kg7 34. Kg4 Rh1 35. h3 Rg1 36. h4 gxh4 37. Kxh4 Bf2 38. Kh3 Rxg3+ 39. Kh2 Rxf3 40. Rc7 Bg3+ 41. Kg2 Bxc7 42. Kxf3 Kf6 43. Bb5 Ke7 44. Bc6 f5 45. exf5 gxf5 46. Ke3 Bb6+ 47. Kf3 Kf6 48. Bb7 Kg5 49. Bc8 e5 50. Ke2 e4 51. Bb7 Kf4 0-1


[Site "https://www.chess.com"]

[Event "Titled Tuesday Blitz January 03 Early 2023"]
[White "Bluebaum, Matthias"]
[Black "Rustemov, Alexander"]
[WhiteFideId "24651516"]
[BlackFideId "4119002"]
[WhiteElo "2669"]
[BlackElo "2525"]
[Result "1-0"]
[Round "03"]
[TimeControl "180+2"]
[Date "2023.01.03"]
[WhiteClock "0:00:10"]
[BlackClock "0:00:01"]

1. d4 d5 2. c4 dxc4 3. e4 Nf6 4. e5 Nd5 5. Bxc4 Nb6 6. Bb3 Nc6 7. Ne2 Bf5 8. Nbc3 e6 9. O-O Qd7 10. Be3 Na5 11. Bc2 Bxc2 12. Qxc2 Nc6 13. Ne4 Nb4 14. Qb3 Qa4 15. Qc3 N6d5 16. Qc4 Qc2 17. N2c3 Qd3 18. Qxd3 Nxd3 19. Nxd5 exd5 20. Nc3 c6 21. Rab1 Nb4 22. f4 f5 23. a3 Na6 24. g4 g6 25. h3 Nc7 26. Ne2 Kd7 27. Ng3 Ke6 28. Kf2 Be7 29. Kf3 Bh4 30. gxf5+ gxf5 31. Nh5 Rhg8 32. Rg1 Rg6 33. Ng7+ Kf7 34. Nxf5 Bd8 35. Nd6+ Kf8 36. f5 Rxd6 37. exd6 Nb5 38. d7 Bf6 39. a4 Nd6 40. Rbe1 Rd8 41. Bf4 Rxd7 42. Re6 Ne8 43. Be5 Rf7 44. Bxf6 Nxf6 45. Kf4 a5 46. Rge1 Ne4 47. Ke5 Rg7 48. Rf1 Kf7 49. f6 Rg5+ 50. Rf5 Rg2 51. Re7+ Kf8 52. Rxb7 Re2 53. Rb8+ Kf7 54. Kf4 Rf2+ 55. Ke5 Re2 56. Rf4 Ng5+ 57. Kd6 Re6+ 58. Kd7 Ne4 59. Rf8+ Kxf8 60. Kxe6 Ng5+ 61. Kf5 Nxh3 62. Rf1 h5 63. Rh1 Nf2 64. Rxh5 Nd3 65. Rh8+ Kf7 66. Rh7+ Kf8 67. Ra7 Nxb2 68. Kg6 Ke8 69. f7+ Kf8 70. Ra8+ 1-0


[Site "https://www.chess.com"]

[Event "Titled Tuesday Blitz January 03 Early 2023"]
[White "Yuan, Qingyu"]
[Black "Sjugirov, Sanan"]
[WhiteFideId "8609772"]
[BlackFideId "4189302"]
[WhiteElo "2373"]
[BlackElo "2712"]
[Result "0-1"]
[Round "03"]
[TimeControl "180+2"]
[Date "2023.01.03"]
[WhiteClock "0:00:02"]
[BlackClock "0:00:09"]

1. e4 c6 2. d4 d5 3. exd5 cxd5 4. Bd3 Nc6 5. c3 Nf6 6. h3 g6 7. Nf3 Bf5 8. O-O Bxd3 9. Qxd3 Qc7 10. Bg5 Bg7 11. Nbd2 O-O 12. Bxf6 Bxf6 13. Rfe1 e6 14. Re2 Rab8 15. g3 b5 16. b4 a5 17. a3 Ra8 18. Nb3 axb4 19. cxb4 Qb6 20. Rc2 Ra7 21. Rac1 Ne7 22. Na5 Nf5 23. Rc6 Qb8 24. R6c5 Ra6 25. Rxb5 Qa8 26. Rbc5 Nd6 27. h4 Bd8 28. Rc6 Rxc6 29. Nxc6 Nc4 30. Nce5 Nd6 31. Nd7 Re8 32. Nfe5 Qb7 33. Nc5 Qa8 34. b5 Bb6 35. Ncd7 Qb7 36. Nf6+ Kg7 37. Nxe8+ Nxe8 38. a4 Nd6 39. Rc6 Nf5 40. Nf3 Qa7 41. Qb3 Qa5 42. Kg2 Ne7 43. Rc2 Nf5 44. Rc6 Ne7 45. Rc1 Nf5 46. Qd1 Qb4 47. Rb1 Qc3 48. Rc1 Qb4 49. Rc6 Ba5 50. Ra6 Bc7 51. Qd3 Qb2 52. a5 Bxg3 53. Qd2 Qxb5 54. Rb6 Qa4 55. fxg3 Qa3 56. Kf2 Nh6 57. Rb2 Ng4+ 58. Kg2 Ne3+ 59. Kf2 Nc4 60. Ra2 Qb3 61. Qe2 Qb7 62. a6 Qa7 63. Qd3 e5 64. Kg2 e4 65. Qc3 exf3+ 66. Qxf3 Nb6 67. Qf4 h5 68. Qe5+ Kh7 69. Qd6 Nc4 70. Qxd5 Ne3+ 71. Kf3 Nxd5 72. Rb2 Qxa6 73. Rd2 Qf6+ 74. Kg2 Ne3+ 75. Kh3 Qf5+ 76. Kh2 Nf1+ 0-1


[Site "https://www.chess.com"]

[Event "Titled Tuesday Blitz January 03 Early 2023"]
[White "Narayanan.S.L"]
[Black "Zemlyanskii, Ivan"]
[WhiteFideId "5058422"]
[BlackFideId "24249971"]
[WhiteElo "2660"]
[BlackElo "2300"]
[Result "0-1"]
[Round "03"]
[TimeControl "180+2"]
[Date "2023.01.03"]
[WhiteClock "0:01:53"]
[BlackClock "0:00:07"]

1. e4 c5 2. c3 Nf6 3. e5 Nd5 4. Nf3 Nc6 5. Bc4 Nb6 6. Bb3 c4 7. Bc2 g6 8. O-O Bg7 9. Re1 d6 10. exd6 Qxd6 11. b3 O-O 12. Na3 Be6 13. Ng5 cxb3 14. axb3 Bd5 15. d4 h6 16. Ne4 Bxe4 17. Bxe4 e5 18. d5 Ne7 19. c4 f5 20. Bc2 e4 21. Rb1 a6 22. b4 Nd7 23. c5 Qf6 24. Nc4 Rad8 25. Bb2 Qg5 26. Bxg7 Kxg7 27. d6 Nc6 28. f3 Nde5 29. Nxe5 Nxe5 30. Kh1 Rfe8 31. fxe4 f4 32. Qd4 Qf6 33. Rf1 g5 34. b5 b6 35. bxa6 bxc5 36. Rb7+ Kg6 37. Qxc5 Rxd6 38. Qc7 Red8 39. Qh7+ Kh5 40. Rb3 f3 41. gxf3 Qf4 42. Qf5 Qxf5 43. exf5 Rd2 44. Be4 Ra2 45. f4 gxf4 46. Rg1 Ng4 47. Rh3+ Kg5 48. Rd3 Rxh2# 0-1


[Site "https://www.chess.com"]

[Event "Titled Tuesday Blitz January 03 Early 2023"]
[White "Keymer, Vincent"]
[Black "Harsh Suresh"]
[WhiteFideId "12940690"]
[BlackFideId "45018464"]
[WhiteElo "2700"]
[BlackElo "2298"]
[Result "1-0"]
[Round "03"]
[TimeControl "180+2"]
[Date "2023.01.03"]
[WhiteClock "0:01:07"]
[BlackClock "0:00:13"]

1. a3 e5 2. c4 g6 3. b4 Bg7 4. Bb2 Ne7 5. g3 O-O 6. Bg2 d6 7. Nc3 c6 8. Nf3 Be6 9. d3 h6 10. O-O Nd7 11. Rc1 Qc7 12. Nd2 Kh7 13. b5 Nc5 14. Nb3 Nxb3 15. Qxb3 Nf5 16. e3 h5 17. h4 Rfd8 18. Qa4 Ne7 19. bxc6 bxc6 20. Ne4 Kg8 21. Bc3 Nc8 22. c5 d5 23. Ba5 Nb6 24. Qb4 dxe4 25. cxb6 Qb7 26. bxa7 Qxb4 27. axb4 Rxd3 28. Bxe4 Rd2 29. Bb6 Bd5 30. Bxd5 cxd5 31. Rfd1 Rb2 32. Rxd5 Bf8 33. Rd8 Rxd8 34. Bxd8 Ra2 35. Bb6 Bxb4 36. Rc8+ Kg7 37. a8=Q Rxa8 38. Rxa8 Kf6 39. e4 Be7 40. Bd8 Bxd8 41. Rxd8 Ke7 42. Rd5 Ke6 43. Kg2 f6 44. Kf3 Ke7 45. Ke3 Ke6 46. f4 exf4+ 47. Kxf4 Ke7 48. e5 Ke6 49. Rd6+ Ke7 50. Rxf6 g5+ 51. hxg5 Kd7 52. g6 Ke7 53. g7 h4 54. g8=Q hxg3 55. Qg7+ Ke8 56. Rf8# 1-0


[Site "https://www.chess.com"]

[Event "Titled Tuesday Blitz January 03 Early 2023"]
[White "Beerdsen, Thomas"]
[Black "Xiong, Jeffery"]
[WhiteFideId "1030108"]
[BlackFideId "2047640"]
[WhiteElo "2507"]
[BlackElo "2692"]
[Result "0-1"]
[Round "03"]
[TimeControl "180+2"]
[Date "2023.01.03"]
[WhiteClock "0:00:02"]
[BlackClock "0:00:11"]

1. e4 d6 2. d4 Nf6 3. Nc3 g6 4. h4 c6 5. h5 Nxh5 6. g4 Nf6 7. g5 Nh5 8. Be2 b5 9. Bxh5 gxh5 10. Qxh5 b4 11. Nce2 Qa5 12. Nf3 Ba6 13. Nf4 Nd7 14. g6 Qxh5 15. Rxh5 fxg6 16. Nxg6 Rg8 17. Nxf8 Nxf8 18. a3 b3 19. cxb3 Bd3 20. Rh4 Ng6 21. Rxh7 Bxe4 22. Ng5 Bd5 23. b4 Kd7 24. Be3 Rh8 25. Rxh8 Rxh8 26. Kd2 Rh2 27. Rg1 Nh4 28. Rg3 Nf5 29. Rh3 Rg2 30. Nf3 Rg8 31. Ne1 Rg1 32. Rh8 Ke6 33. Nd3 Be4 34. Nf4+ Kf7 35. Rh7+ Kg8 36. Rh5 Rb1 37. Kc3 Kf7 38. d5 cxd5 39. Nxd5 Ng7 40. Rg5 Ne6 41. Rh5 Kg6 42. Rh6+ Kf7 43. Nf4 Nc7 44. a4 e5 45. Ne2 Nd5+ 46. Kb3 Nxe3 47. fxe3 Re1 48. Nc3 Bg6 49. e4 Rd1 50. b5 Rd3 51. Kb4 Kg7 52. Rh4 Rd2 53. b3 Bf7 54. a5 Rd4+ 55. Ka3 Rd3 56. Nd5 Rd4 57. b6 axb6 58. axb6 Bxd5 59. Rg4+ Kf6 60. Rg1 Bb7 61. Rc1 Ke6 62. Rc7 Bxe4 63. b7 Bxb7 64. Rxb7 e4 65. Kb2 e3 66. Kc3 e2 67. Rb8 e1=Q+ 68. Kxd4 Qd2+ 0-1


[Site "https://www.chess.com"]

[Event "Titled Tuesday Blitz January 03 Early 2023"]
[White "Bachmann, Axel"]
[Black "Mekhitarian, Krikor Sevag"]
[WhiteFideId "3700488"]
[BlackFideId "2107660"]
[WhiteElo "2604"]
[BlackElo "2537"]
[Result "1-0"]
[Round "03"]
[TimeControl "180+2"]
[Date "2023.01.03"]
[WhiteClock "0:00:09"]
[BlackClock "0:00:03"]

1. c4 c5 2. Nf3 Nc6 3. Nc3 Nf6 4. g3 d5 5. cxd5 Nxd5 6. Bg2 g6 7. Qb3 Nc7 8. Ne4 Ne6 9. Qc3 Bg7 10. Qc4 b6 11. O-O O-O 12. d3 Rb8 13. Qa4 Ned4 14. Nxd4 Nxd4 15. Nc3 a5 16. Bf4 e5 17. Be3 b5 18. Qd1 Bg4 19. h3 Be6 20. Ne4 Qe7 21. Ng5 Bd7 22. Rc1 Rbc8 23. Qd2 b4 24. Ne4 Be6 25. b3 Rfd8 26. f4 exf4 27. Bxf4 Bd5 28. Bg5 Qe5 29. Bf6 Qe6 30. Bxd8 Rxd8 31. Rxc5 f5 32. Ng5 Nxe2+ 33. Kh2 Qe5 34. Rxd5 Qxg3+ 35. Kh1 Be5 36. Rxd8+ Kg7 37. Nf3 1-0


[Site "https://www.chess.com"]

[Event "Titled Tuesday Blitz January 03 Early 2023"]
[White "Avila Pavas, Santiago"]
[Black "Shimanov, Aleksandr"]
[WhiteFideId "4437128"]
[BlackFideId "4198603"]
[WhiteElo "2522"]
[BlackElo "2581"]
[Result "1-0"]
[Round "03"]
[TimeControl "180+2"]
[Date "2023.01.03"]
[WhiteClock "0:00:06"]
[BlackClock "0:00:03"]

1. d4 e6 2. e4 c5 3. d5 d6 4. Nc3 a6 5. a4 g6 6. Be2 Bg7 7. Nf3 Bxc3+ 8. bxc3 e5 9. h4 h6 10. h5 g5 11. Nd2 Nf6 12. g4 b6 13. f3 O-O 14. Nc4 Qc7 15. Be3 Nbd7 16. Qd2 Nh7 17. O-O Bb7 18. Rfb1 Rfb8 19. Ra3 Bc8 20. Rab3 b5 21. axb5 axb5 22. Rxb5 Rxb5 23. Rxb5 Ra1+ 24. Kg2 Ba6 25. Rb3 Bxc4 26. Bxc4 Kg7 27. Bb5 Nb6 28. Qe2 Nf6 29. Bc6 Qa7 30. Qb5 Qa2 31. Rb2 Qc4 32. Bf2 Nxe4 33. Qxc4 Nxc4 34. Rb7 Nxf2 35. Kxf2 e4 36. fxe4 Ra3 37. Rb3 Ra2 38. Bd7 Rxc2+ 39. Kg3 Ne5 40. Bf5 c4 41. Ra3 Rb2 42. Ra6 Rb3 43. Rxd6 Rxc3+ 44. Kf2 Rb3 45. Rd8 Ra3 46. Rc8 c3 47. Ke3 Kf6 48. Kd4 c2 49. Rxc2 Ra4+ 50. Kc5 Ra6 51. Kb5 Ra7 52. Kb6 Ra1 53. Kc7 Rd1 54. Kd6 Nf3 55. Rc6 Ne5 56. Ra6 Rc1 57. Ra7 Rc2 58. Ra8 Rc1 59. Re8 Nc4+ 60. Kc5 Ne5+ 61. Kd4 Nf3+ 62. Ke3 Ne5 63. d6 Rc3+ 64. Kd4 Rd3+ 65. Kc5 Rd1 66. Rh8 Kg7 67. Rd8 Kf6 68. d7 Rd2 69. Rh8 Nxd7+ 70. Bxd7 Rxd7 71. Rxh6+ Ke5 72. Rh8 Kxe4 73. h6 f6 74. Kc6 Ra7 75. Kd6 f5 76. h7 Kf4 77. gxf5 g4 78. f6 g3 79. f7 Rxf7 80. Ke6 Ra7 81. Rf8+ Ke3 82. h8=Q g2 83. Qe5+ Kd2 84. Rf2+ 1-0


[Site "https://www.chess.com"]

[Event "Titled Tuesday Blitz January 03 Early 2023"]
[White "Chigaev, Maksim"]
[Black "Zohid6"]
[WhiteFideId "4108116"]
[WhiteElo "2628"]
[BlackElo "2748"]
[Result "0-1"]
[Round "03"]
[TimeControl "180+2"]
[Date "2023.01.03"]
[WhiteClock "0:00:29"]
[BlackClock "0:02:02"]

1. e4 e6 2. d4 d5 3. Nd2 h6 4. Ngf3 Nf6 5. e5 Nfd7 6. c3 c5 7. Bd3 Nc6 8. O-O g5 9. dxc5 Ndxe5 10. Nxe5 Nxe5 11. Bb5+ Bd7 12. Bxd7+ Qxd7 13. Nb3 Bg7 14. f4 gxf4 15. Bxf4 Nc4 16. Qe2 O-O-O 17. Kh1 e5 18. Bg3 f5 19. Rad1 f4 20. Bf2 e4 21. Bd4 Bxd4 22. Rxd4 Rdf8 23. Qh5 Ne3 24. Re1 Rhg8 25. Qxh6 Rh8 26. Qg6 Rfg8 0-1


[Site "https://www.chess.com"]

[Event "Titled Tuesday Blitz January 03 Early 2023"]
[White "Pakleza, Zbigniew"]
[Black "Vokhidov, Shamsiddin"]
[WhiteFideId "1119290"]
[BlackFideId "14204223"]
[WhiteElo "2494"]
[BlackElo "2586"]
[Result "0-1"]
[Round "03"]
[TimeControl "180+2"]
[Date "2023.01.03"]
[WhiteClock "0:00:04"]
[BlackClock "0:00:05"]

1. d4 Nf6 2. Nf3 d5 3. Bf4 c5 4. c3 Nc6 5. Nbd2 cxd4 6. cxd4 Qb6 7. e3 Bf5 8. Qb3 e6 9. Qxb6 axb6 10. Bb5 Nd7 11. Ke2 Na7 12. a4 f6 13. Rhc1 Nxb5 14. axb5 Rxa1 15. Rxa1 g5 16. Bg3 h5 17. h4 g4 18. Ne1 Kf7 19. Ra7 e5 20. dxe5 fxe5 21. Rxb7 Bd6 22. e4 Bxe4 23. Nxe4 dxe4 24. Rxd7+ Ke6 25. Rb7 Bc5 26. b4 Bd4 27. Nc2 Ra8 28. Rh7 Ra2 29. Kd2 Kd5 30. Rxh5 Kc4 31. Rh8 Bc3+ 32. Kd1 Kb3 33. Rd8 Rxc2 34. h5 Ra2 35. f3 Rxg2 36. fxe4 Rxg3 37. h6 Rh3 38. Rd6 Rh2 39. Rg6 Kxb4 40. Rxb6 g3 41. Rg6 g2 42. b6 Bd4 43. b7 Ba7 44. Ke1 Kc4 45. Rg7 Rh1+ 46. Ke2 g1=Q 47. Rxg1 Rxg1 48. Kf3 Rh1 49. Kg4 Rxh6 50. b8=Q Bxb8 0-1


[Site "https://www.chess.com"]

[Event "Titled Tuesday Blitz January 03 Early 2023"]
[White "Puranik, Abhimanyu"]
[Black "Preotu, Razvan"]
[WhiteFideId "5061245"]
[BlackFideId "2613280"]
[WhiteElo "2613"]
[BlackElo "2475"]
[Result "1-0"]
[Round "03"]
[TimeControl "180+2"]
[Date "2023.01.03"]
[WhiteClock "0:00:02"]
[BlackClock "0:00:01"]

1. e4 c5 2. Nc3 d6 3. Bb5+ Bd7 4. Bxd7+ Qxd7 5. d4 cxd4 6. Qxd4 Nc6 7. Qd2 g6 8. b3 Bh6 9. f4 Nf6 10. Bb2 e5 11. Nge2 O-O 12. O-O-O Rad8 13. Kb1 Rfe8 14. Rhf1 Qg4 15. g3 exf4 16. Nxf4 Nxe4 17. Nxe4 Rxe4 18. Qd5 Re7 19. Bf6 Re5 20. Qd3 Rde8 21. Bxe5 dxe5 22. Nd5 Bg7 23. Qb5 Qc8 24. Nf6+ Bxf6 25. Rxf6 e4 26. Qd5 Re7 27. Rf4 e3 28. Re1 Qe8 29. Qd3 a5 30. Qe2 Nb4 31. Rd4 Qc6 32. Qc4 Qg2 33. Rd8+ Kg7 34. Qc3+ f6 35. a3 Nc6 36. Rd3 e2 37. Re3 Qxh2 38. Rxe7+ Nxe7 39. Qc7 Kf7 40. Qc4+ Kg7 41. Rxe2 Qg1+ 42. Ka2 Nc6 43. g4 Ne5 44. Qc7+ Kh6 45. Qxb7 Qxg4 46. Rh2+ Kg5 47. Qxh7 Nf3 48. Qh6+ Kf5 49. Rf2 Qg3 50. Qe3 Kg4 51. Re2 f5 52. Qe6 Nh4 53. Qc6 Qf3 54. Qc4+ f4 55. Re6 g5 56. Rd6 Kg3 57. Rd3 1-0


[Site "https://www.chess.com"]

[Event "Titled Tuesday Blitz January 03 Early 2023"]
[White "Begmuratov, Khumoyun"]
[Black "Svane, Rasmus"]
[WhiteFideId "14210207"]
[BlackFideId "4657101"]
[WhiteElo "2387"]
[BlackElo "2623"]
[Result "0-1"]
[Round "03"]
[TimeControl "180+2"]
[Date "2023.01.03"]
[WhiteClock "0:00:02"]
[BlackClock "0:00:29"]

1. e4 c6 2. Nc3 d5 3. Nf3 dxe4 4. Nxe4 Nf6 5. Nxf6+ exf6 6. Bc4 Bd6 7. Qe2+ Be7 8. O-O O-O 9. h3 Bd6 10. d4 Re8 11. Be3 Nd7 12. c3 Nb6 13. Bd3 Nd5 14. Qd2 Be6 15. Rfe1 Qd7 16. Bf1 Rad8 17. a4 Bf5 18. b4 Be4 19. Be2 Re7 20. b5 Rde8 21. bxc6 bxc6 22. Nh2 h6 23. Nf1 f5 24. f3 Nxe3 25. Qxe3 Bd5 26. Qd2 Qe6 27. Bd3 Qxe1 28. Rxe1 Rxe1 29. c4 Rxf1+ 30. Kxf1 Be6 31. Kf2 Rb8 32. Qc3 c5 33. d5 Bd7 34. g3 f4 35. gxf4 Bxf4 36. h4 Bxa4 37. Ke1 Rb4 38. Qa3 a5 39. Be4 Bc7 40. h5 Bb3 41. Qa1 Bxc4 42. Kf2 a4 43. Qd1 Bd6 44. Qd2 a3 45. Qc3 a2 46. Qa3 Rb8 47. Qa5 Be5 48. d6 a1=Q 0-1


[Site "https://www.chess.com"]

[Event "Titled Tuesday Blitz January 03 Early 2023"]
[White "Dardha, Daniel"]
[Black "Ardelean, George-Catalin"]
[WhiteFideId "240990"]
[BlackFideId "1207091"]
[WhiteElo "2631"]
[BlackElo "2470"]
[Result "1-0"]
[Round "03"]
[TimeControl "180+2"]
[Date "2023.01.03"]
[WhiteClock "0:00:22"]
[BlackClock "0:00:14"]

1. d4 d5 2. c4 e6 3. Nf3 a6 4. Bg5 Be7 5. Bxe7 Qxe7 6. Nbd2 Nf6 7. g3 O-O 8. Bg2 b6 9. cxd5 exd5 10. O-O Bb7 11. Rc1 c5 12. dxc5 bxc5 13. Nb3 Nbd7 14. Na5 Rab8 15. Nxb7 Rxb7 16. Qc2 Rfb8 17. b3 a5 18. e3 Rb4 19. Ne1 c4 20. bxc4 dxc4 21. Nf3 Qc5 22. Rfd1 g6 23. a3 Rb2 24. Qxc4 Qxa3 25. Ra1 Qb4 26. Qc7 Qb6 27. Qxb6 Nxb6 28. Rxa5 Ng4 29. Rf1 Nc4 30. Ra4 Nge5 31. Nxe5 Nxe5 32. g4 g5 33. h3 Re2 34. Ra5 Nd3 35. Rxg5+ Kf8 36. Rh5 Rbb2 37. Rf5 Kg7 38. Be4 Ne1 39. Rg5+ Kf6 40. Rh5 Nc2 41. Bxc2 Rbxc2 42. Rxh7 Ke6 43. Rh5 f6 44. Rf5 Red2 45. Kg2 Rc4 46. Kg3 1-0


[Site "https://www.chess.com"]

[Event "Titled Tuesday Blitz January 03 Early 2023"]
[White "Svane, Frederik"]
[Black "Tanenbaum, Zachary"]
[WhiteFideId "12923044"]
[BlackFideId "2060850"]
[WhiteElo "2600"]
[BlackElo "2261"]
[Result "0-1"]
[Round "03"]
[TimeControl "180+2"]
[Date "2023.01.03"]
[WhiteClock "0:00:05"]
[BlackClock "0:00:20"]

1. c4 e5 2. g3 Nf6 3. Bg2 Bc5 4. Nc3 O-O 5. e3 Re8 6. Nge2 Nc6 7. O-O d6 8. d4 Bb6 9. h3 h6 10. b3 exd4 11. exd4 Ne7 12. Na4 c6 13. Nxb6 axb6 14. a4 d5 15. Nc3 Be6 16. Qd3 Bf5 17. Qd2 Be6 18. Qd3 Bf5 19. Qd2 Be6 20. c5 bxc5 21. dxc5 d4 22. Ne2 Bxb3 23. Nxd4 Bd5 24. f3 Qc7 25. Qf2 Rad8 26. a5 Ng6 27. Bb2 Ne5 28. Rfd1 Nc4 29. Bc3 Ne3 30. Rd2 Nxg2 31. Kxg2 Nd7 32. a6 bxa6 33. Ba5 Qe5 34. Bxd8 Rxd8 35. Re1 Qf6 36. Rde2 g6 37. Re8+ Rxe8 38. Rxe8+ Kg7 39. Qe3 Nxc5 40. g4 a5 0-1


[Site "https://www.chess.com"]

[Event "Titled Tuesday Blitz January 03 Early 2023"]
[White "Starozhilov, Leonid"]
[Black "Narayanan, Srinath"]
[WhiteFideId "14106752"]
[BlackFideId "5018420"]
[WhiteElo "2313"]
[BlackElo "2559"]
[Result "0-1"]
[Round "03"]
[TimeControl "180+2"]
[Date "2023.01.03"]
[WhiteClock "0:00:05"]
[BlackClock "0:00:29"]

1. e4 c6 2. d3 d5 3. Nf3 g6 4. Nbd2 Bg7 5. d4 dxe4 6. Nxe4 Nd7 7. Bc4 Ndf6 8. Ng3 Bg4 9. c3 e6 10. h3 Bxf3 11. Qxf3 h5 12. Bg5 Qa5 13. h4 Nd5 14. Ne4 Qc7 15. O-O Nh6 16. Rae1 Ng4 17. g3 O-O 18. Bxd5 cxd5 19. Nf6+ Bxf6 20. Bxf6 Qc4 21. b3 Qa6 22. Re5 Qxf1+ 23. Kxf1 Nh2+ 24. Kg2 Nxf3 25. Kxf3 Rfc8 26. Re3 a5 27. Be7 a4 28. b4 b6 29. Ke2 Kg7 30. Kd2 Rc6 31. f3 f6 32. b5 Rc7 33. Bd6 Rd7 34. Bb4 Kf7 35. f4 Rdd8 36. Ke2 Rg8 37. Kf3 Rgc8 38. Kf2 Rc4 39. Ke2 Rac8 40. a3 Rg8 41. Kf3 g5 42. hxg5 fxg5 43. f5 exf5 44. Re5 h4 45. Rxf5+ Kg6 46. Rxd5 h3 47. Rd6+ Kg7 48. g4 Rh8 49. Rd7+ Kg6 50. Rd6+ Kf7 51. Rd7+ Ke8 52. Re7+ Kd8 53. Re1 h2 54. Kg2 Rc7 55. Rh1 Rch7 56. Bd6 Kd7 57. Be5 Rc8 58. d5 Rc5 59. Bd4 Rxd5 60. Bxb6 Rxb5 61. Bd4 Kc6 62. c4 Rb3 63. Rxh2 Rxh2+ 64. Kxh2 Rxa3 65. Bf6 Rf3 66. Bxg5 a3 67. Bh6 a2 68. Bg7 Rf4 69. Kg3 Rxc4 70. g5 Kd7 71. Bf6 Ke6 72. Ba1 Kf5 0-1


[Site "https://www.chess.com"]

[Event "Titled Tuesday Blitz January 03 Early 2023"]
[White "Lenderman, Aleksandr"]
[Black "Cardoso Cardoso, Jose Gabriel"]
[WhiteFideId "2021285"]
[BlackFideId "4430492"]
[WhiteElo "2572"]
[BlackElo "2492"]
[Result "1-0"]
[Round "03"]
[TimeControl "180+2"]
[Date "2023.01.03"]
[WhiteClock "0:01:19"]
[BlackClock "0:00:03"]

1. Nf3 Nc6 2. d4 d6 3. e4 Nf6 4. Nc3 g6 5. Be2 Bg7 6. O-O O-O 7. h3 e5 8. dxe5 Nxe5 9. Nxe5 dxe5 10. Be3 b6 11. Bc4 Bb7 12. Qf3 Qe7 13. Rad1 Rad8 14. a3 h6 15. Rd3 Rxd3 16. cxd3 Rd8 17. g4 Bc8 18. g5 hxg5 19. Bxg5 c6 20. Qg3 Qd6 21. Qh4 Re8 22. f4 Qc5+ 23. Kg2 Nh7 24. Bxf7+ Kxf7 25. Qxh7 exf4 26. Rxf4+ Ke6 27. Qxg6+ Kd7 28. Rf7+ 1-0


[Site "https://www.chess.com"]

[Event "Titled Tuesday Blitz January 03 Early 2023"]
[White "Nouri, Alekhine"]
[Black "Abasov, Nijat"]
[WhiteFideId "5216184"]
[BlackFideId "13402960"]
[WhiteElo "2257"]
[BlackElo "2634"]
[Result "0-1"]
[Round "03"]
[TimeControl "180+2"]
[Date "2023.01.03"]
[WhiteClock "0:01:45"]
[BlackClock "0:01:05"]

1. e4 c5 2. Nc3 e6 3. f4 d5 4. Nf3 dxe4 5. Nxe4 Be7 6. d3 Nf6 7. Qe2 b6 8. g3 Bb7 9. Nxf6+ Bxf6 10. Bg2 Nc6 11. O-O Qc7 12. Re1 Nd4 13. Qf1 Nxc2 14. f5 O-O 15. Bf4 Qd7 16. fxe6 fxe6 17. Bh3 Rae8 18. Qe2 Nxa1 19. Rxa1 Bxf3 20. Qxf3 Be5 21. Re1 Bxf4 22. gxf4 Qd4+ 23. Kh1 Qxf4 0-1


[Site "https://www.chess.com"]

[Event "Titled Tuesday Blitz January 03 Early 2023"]
[White "Drozdowski, Kacper"]
[Black "Rakhmatullaev, Almas"]
[WhiteFideId "1136720"]
[BlackFideId "14205793"]
[WhiteElo "2448"]
[BlackElo "2275"]
[Result "1-0"]
[Round "03"]
[TimeControl "180+2"]
[Date "2023.01.03"]
[WhiteClock "0:00:59"]
[BlackClock "0:00:02"]

1. e4 e5 2. Nf3 Nf6 3. Nc3 Nc6 4. Bb5 Nd4 5. Bc4 d6 6. h3 Be6 7. Bxe6 fxe6 8. d3 Be7 9. Nxd4 exd4 10. Ne2 c5 11. c3 dxc3 12. bxc3 d5 13. Qb3 Qb6 14. Qc2 Qc6 15. exd5 exd5 16. O-O O-O-O 17. a4 g5 18. Ng3 g4 19. h4 Nd7 20. Nf5 Bf6 21. Bf4 Nf8 22. Rfe1 Ng6 23. Bg3 h5 24. a5 Rhe8 25. a6 Rxe1+ 26. Rxe1 Qxa6 27. d4 Qc6 28. dxc5 Qxc5 29. Nd6+ Rxd6 30. Bxd6 Qxd6 31. Qxg6 Be7 32. Qxh5 g3 33. Qg4+ Kc7 34. Qxg3 Qxg3 35. fxg3 Bf6 36. h5 a5 37. h6 a4 38. h7 b5 39. Kf2 a3 40. Ke2 b4 41. Rf1 a2 42. Rxf6 a1=Q 43. h8=Q Qb2+ 44. Kf3 Qxc3+ 45. Kg4 Qd4+ 46. Kh3 b3 47. Qg7+ 1-0


[Site "https://www.chess.com"]

[Event "Titled Tuesday Blitz January 03 Early 2023"]
[White "Goryachkina, Aleksandra"]
[Black "Makarian, Rudik"]
[WhiteFideId "4147103"]
[BlackFideId "44105681"]
[WhiteElo "2571"]
[BlackElo "2545"]
[Result "1/2-1/2"]
[Round "03"]
[TimeControl "180+2"]
[Date "2023.01.03"]
[WhiteClock "0:00:05"]
[BlackClock "0:00:13"]

1. e4 e5 2. Nf3 Nc6 3. d4 exd4 4. Bc4 Nf6 5. O-O Nxe4 6. Re1 d5 7. Bxd5 Qxd5 8. Nc3 Qf5 9. Nxe4 Be6 10. Nxd4 Nxd4 11. Qxd4 Be7 12. Ng3 Qg4 13. Qxg4 Bxg4 14. Bf4 Be6 15. Bxc7 Rc8 16. Be5 Rxc2 17. Bxg7 Rg8 18. Bd4 a5 19. a3 Rg4 20. Bc3 Rc4 21. Rac1 Rxc1 22. Rxc1 b5 23. Ne2 b4 24. axb4 axb4 25. Bd4 Kd7 26. Rxc4 Bxc4 27. Kf1 Kc6 28. Ke1 Kb5 29. Kd2 Bg5+ 30. f4 Bh6 31. g3 Ka4 32. Nc1 f5 33. Kc2 b3+ 34. Kc3 Bd5 35. Nd3 Bf8 36. Nc5+ Bxc5 37. Bxc5 Kb5 38. Kd4 Be4 39. Bf8 h5 40. Ke5 Kc4 41. h3 Kd3 42. Kf6 Ke3 43. Kg5 Kf3 44. Kxh5 Kxg3 45. Kg5 Kxh3 46. Bg7 Kg3 47. Bf6 Kf3 48. Bg7 Kg3 49. Bf6 Kf3 50. Bg7 Kg3 1/2-1/2


[Site "https://www.chess.com"]